 Dungeon Crawl Stone Soup version 0.28.0-53-g5a82cb258f (webtiles) character file.

Game seed: 2224714443344997617

1565 mcbry74 the Spear-Bearer (level 8, -1/84 HPs)
             Began as a Merfolk Gladiator on July 5, 2022.
             Slain by a troll (7 damage)
             ... on level 6 of the Dungeon.
             The game lasted 00:18:47 (6959 turns).

mcbry74 the Spear-Bearer (Merfolk Gladiator)        Turns: 6959, Time: 00:18:49

Health: -1/84      AC: 24    Str: 15    XL:     8   Next: 89%
Magic:  5/8        EV:  2    Int: 15    God:
Gold:   206        SH:  5    Dex: 15    Spells: 4/7 levels left

rFire   . . .      SeeInvis .   a - +3 trident
rCold   . . .      Faith    .   e - +0 buckler
rNeg    . . .      Spirit   .   (armour currently unavailable)
rPois   +          Reflect  .   (helmet currently unavailable)
rElec   .          Harm     .   (cloak currently unavailable)
rCorr   .          Rampage  .   (gloves currently unavailable)
Will    .....      NoTele   +   (boots currently unavailable)
Stlth   +.........              h - amulet of the acrobat
HPRegen 0.24/turn               k - ring of wizardry
MPRegen 0.11/turn               y - +6 ring of intelligence

@: tree-form, freezing walls
A: stationary, stasis, torment immunity, boosted hp, (nimble swimmer 2),
(mertail)
a: no special abilities


You were on level 6 of the Dungeon.
You were a tree.
You visited 1 branch of the dungeon, and saw 6 of its levels.

You collected 206 gold pieces.

Inventory:

Hand Weapons
 a - a +3 trident (weapon)
 g - a +0 dagger
 m - a +0 antimagic halberd
Missiles
 d - 3 throwing nets
 j - 3 boomerangs (quivered)
 q - 5 silver javelins
 t - 4 curare-tipped darts
Armour
 b - a +0 leather armour (melded)
 c - a +0 helmet (melded)
 e - a +0 buckler (worn)
Magical Staves
 l - a staff of cold
Jewellery
 h - an amulet of the acrobat (around neck)
 k - a ring of wizardry (left branch)
 y - a +6 ring of intelligence (right branch)
Wands
 v - a wand of iceblast (6)
Scrolls
 i - 4 scrolls of teleportation
 r - a scroll of blinking
Potions
 n - 2 potions of magic
 o - a potion of cancellation {unknown}
 p - a potion of curing
 s - a potion of invisibility {unknown}
 u - a potion of brilliance {unknown}
 w - a potion of berserk rage {unknown}
 x - a potion of attraction {unknown}
 z - a potion of haste {unknown}


   Skills:
 - Level 2.1 Fighting
 + Level 13.7 Polearms
 - Level 2.0 Throwing
 - Level 4.0 Dodging
 - Level 4.2 Shields
 + Level 3.2 Ice Magic


You had 4 spell levels left.
You knew the following spells:

 Your Spells              Type           Power      Damage    Failure   Level
a - Frozen Ramparts       Ice            18%        1d3       12%         3

Your spell library contained the following spells:

 Spells                   Type           Power      Damage    Failure   Level
 Ice Form                 Ice/Tmut       4%         N/A       54%         4
 Summon Ice Beast         Ice/Summ       4%         N/A       54%         4


Dungeon Overview and Level Annotations

Branches:
Dungeon (6/15)
 Temple: D:4-7

Altars:
Elyvilon
Sif Muna
Uskayaw

Shops:
D:4 !


Innate Abilities, Weirdness & Mutations

You are a tree.
Your roots penetrate the ground, keeping you stationary.
You cannot be teleported.
You are immune to unholy pain and torment.
Your maximum health is greatly increased.
Your equipment is partially melded.
((You are very nimble when in or above water. (Stealth+, EV+, Speed+++)))
((Your lower body shifts to a powerful aquatic tail in water.))


Message History

Press: ? - help, Q - select action, (/) - cycle Shift-Dir - straight line, f/p - troll
Aim: a troll (60% to hit)
You throw a boomerang.
The boomerang hits the troll but does no damage.
The orc priest invokes the aid of Beogh against you.
Pain shoots through your body!
Casting: Frozen Ramparts (dangerous; 14% risk of failure)
Confirm with . or Enter, or press ? or * to list all spells.
Casting: Frozen Ramparts (dangerous; 14% risk of failure)
Press: ? - help, Dir - look around, f - activate The walls around you are covered in ice.
The wall freezes the troll.
You closely miss the troll.
The troll is lightly wounded.
You completely miss the troll.
The troll is lightly wounded.
The wall freezes the troll.
The troll barely misses you. The troll claws you!
The troll completely misses you.
You puncture the troll!
The troll is moderately wounded.
The wall freezes the troll.
You block the troll's attack. The troll claws you! x2
The wall freezes the orc priest.
You puncture the troll!
The troll is heavily wounded.
You closely miss the troll.
The troll is heavily wounded.
The wall freezes the troll.
The troll closely misses you. The troll completely misses you.
The troll claws you.
The wall freezes the orc priest.
The orc priest invokes the aid of Beogh against you.
Beogh smites you!
* * * LOW HITPOINT WARNING * * *
Really quaff the potion of lignification?
You turn into a tree.
Your +0 helmet melds into your body.
Your +0 leather armour melds into your body.
Your roots penetrate the ground.
The wall freezes the troll.
The troll bites you.
* * * LOW HITPOINT WARNING * * *
The troll claws you!
You die...

.)......#### ...........## #.
............## #.. .............#
...# .............# ...##.
.............#######.....
......<................## .. #..
..............#.##.#....# .##..
................♣To..## .#.#..
............###.##....##..... .
...........#....##.##..##...# ...
.......)............##..#...#....
#####............................
#....................o.##........
#........................##....##
#.....................##....#..#
#..........>...............## ..o


You could see a troll and an orc priest.

Vanquished Creatures
  Menkaure (D:4)
  A necrophage (D:5)
  2 black bears
  3 phantoms
  Blork the orc (D:4)
  3 scorpions
  A water moccasin zombie (D:6)
  A wyvern skeleton (D:5)
  A centaur zombie (D:6)
  A bullfrog zombie (D:5)
  3 hounds
  An orc priest (D:5)
  A bullfrog skeleton (D:4)
  2 centaur skeletons
  An iguana (D:5)
  An orc wizard (D:5)
  A hound zombie (D:5)
  A hound skeleton (D:4)
  8 gnolls
  10 adders
  A white imp (D:6)
  3 worms (D:2)
  A dart slug (D:4)
  5 orcs (D:5)
  5 ball pythons
  7 endoplasms
  3 giant cockroaches
  7 hobgoblins
  2 jackals (D:1)
  4 quokkas
  6 bats
  5 frilled lizards
  3 goblins
  12 kobolds
  8 rats
116 creatures vanquished.

Notes
Turn   | Place    | Note
-------+----------+-------------------------------------------
     0 | D:1      | mcbry74 the Merfolk Gladiator began the quest for the Orb.
     0 | D:1      | Reached XP level 1. HP: 16/16 MP: 1/1
    87 | D:1      | Reached XP level 2. HP: 19/22 MP: 2/2
   171 | D:1      | Reached skill level 5 in Polearms
   248 | D:1      | Reached skill level 1 in Shields
   834 | D:1      | Reached XP level 3. HP: 27/27 MP: 3/3
  1352 | D:2      | Reached skill level 6 in Polearms
  1425 | D:2      | Reached XP level 4. HP: 33/33 MP: 4/4
  1937 | D:2      | Reached skill level 7 in Polearms
  2227 | D:3      | Reached XP level 5. HP: 37/38 MP: 5/5
  3619 | D:3      | Reached skill level 8 in Polearms
  3732 | D:4      | Reached XP level 6. HP: 30/44 MP: 6/6
  4006 | D:4      | Noticed Blork the orc
  4012 | D:4      | Killed Blork the orc
  4024 | D:4      | Found Hosojo Igibi's Distillery.
  4055 | D:4      | Reached skill level 9 in Polearms
  4118 | D:4      | Found a white marble altar of Elyvilon.
  4213 | D:4      | Reached XP level 7. HP: 34/50 MP: 7/7
  4443 | D:4      | Noticed Menkaure
  4459 | D:4      | Killed Menkaure
  4460 | D:4      | Reached skill level 10 in Polearms
  4948 | D:5      | Entered Level 5 of the Dungeon
  5099 | D:5      | Reached skill level 11 in Polearms
  5342 | D:5      | Reached XP level 8. HP: 43/56 MP: 8/8
  5642 | D:5      | Reached skill level 12 in Polearms
  5685 | D:5      | Found a hide-covered altar of Uskayaw.
  5693 | D:5      | Found a shimmering blue altar of Sif Muna.
  6214 | D:5      | Reached skill level 13 in Polearms
  6218 | D:5      | Learned a level 3 spell: Frozen Ramparts
  6353 | D:5      | Reached skill level 1 in Ice Magic
  6937 | D:6      | Noticed a troll
  6959 | D:6      | Slain by a troll

Illustrated notes

Levels and vault maps discovered:
D:1:      ncdulo_smallfort, layout_loops_ring
D:2:      minmay_skewed_foursquare, layout_basic
D:3:      layout_basic
D:4:      layout_loops_ring, mainiacjoe_overflow_chevrons, serial_shops, shop,
          uniq_blork_the_orc, uniq_menkaure
D:5:      layout_gridville, amethyst_overflow_temple_binary, st_stairs_10
D:6:      layout_rooms, minmay_temple_entry_waves

Skill      XL: |  1  2  3  4  5  6  7  8 |
---------------+-------------------------+-----
Polearms       | 5 6 7 8 9 11 13 | 13.7
Shields        | 1 2 3 4 |  4.2
Ice Magic      | 3 |  3.2
Fighting       | |  2.1
Throwing       | |  2.0
Dodging        | |  4.0

Action                   |  1- 3 |  4- 6 |  7- 9 || total
-------------------------+-------+-------+-------++-------
Melee: Trident           |   109 |   160 |   184 ||   453
Throw: Dart              |       |     7 |     4 ||    11
       Throwing net      |       |     2 |       ||     2
       Boomerang         |       |       |     2 ||     2
 Cast: Frozen Ramparts   |       |       |     1 ||     1
  Use: Scroll            |       |     5 |     6 ||    11
       Potion            |       |       |     2 ||     2
 Stab: Sleeping          |     4 |     1 |     1 ||     6
       Held in net/web   |       |     2 |       ||     2
Armor: Leather armour    |     7 |    18 |    24 ||    49
Dodge: Dodged            |    56 |    53 |    50 ||   159
Block: Buckler           |    12 |    14 |    32 ||    58
